 Dungeon Crawl Stone Soup version 0.25.1-2-g60ff931df9 (webtiles) character file.

Game seed: 4461091050397010275

14636 Exodus22XD the Unseen (level 11, -17/56 HPs)
             Began as a Spriggan Assassin on Nov 7, 2020.
             Was a High Priest of Dithmenos.
             Killed from afar by Jorgrun (30 damage)
             ... with a blast of rock fragments
             ... on level 12 of the Dungeon.
             The game lasted 00:39:19 (17396 turns).

Exodus22XD the Unseen (Spriggan Assassin)          Turns: 17396, Time: 00:39:19

Health: -17/56     AC: 11    Str:  7    XL:     11   Next: 91%
Magic:  15/15      EV: 30    Int: 12    God:    Dithmenos [*****.]
Gold:   840        SH:  6    Dex: 22    Spells: 10/10 levels left

rFire    + . .     SeeInvis +   P - +0 rapier
rCold    . . .     Gourm    .   V - +0 buckler "Ezoblasaxe" {rF+ rN+}
rNeg     + . .     Faith    .   E - +3 steam dragon scales
rPois    .         Spirit   .   (helmet restricted)
rElec    .         Reflect  .   x - +2 cloak
rCorr    +         Harm     .   (gloves unavailable)
MR       ++...                  (boots unavailable)
Stlth    ++++++++++             b - amulet of the acrobat
HPRegen  0.18/turn              D - ring of protection from magic
MPRegen  0.14/turn              C - ring of resist corrosion

@: about to teleport, wreathed by umbra, very quick
A: very small, unfitting armour, see invisible, herbivore, speed 3, slow
metabolism 2
a: Shadow Step, Shadow Form, Renounce Religion


You were on level 12 of the Dungeon.
You worshipped Dithmenos.
Dithmenos was extremely pleased with you.
You were not hungry.

You visited 1 branch of the dungeon, and saw 12 of its levels.
You also visited: Sewer.

You collected 976 gold pieces.
You spent 136 gold pieces at shops.

Inventory:

Hand Weapons
 K - a +3 dagger
 N - a +2 scimitar of flaming
 P - a +0 rapier (weapon)
Missiles
 d - 5 poisoned darts (quivered)
Armour
 c - a +1 robe of magic resistance
 x - a +2 cloak (worn)
 B - the +2 robe "Setat" {Int+2}
   (You bought it in a shop on level 5 of the Dungeon)

   It affects your intelligence (+2).
 E - +3 steam dragon scales (worn)
 V - the +0 buckler "Ezoblasaxe" (worn) {rF+ rN+}
   (You found it on level 11 of the Dungeon)

   It protects you from fire.
   It protects you from negative energy.
Jewellery
 b - an amulet of the acrobat (around neck)
 C - a ring of resist corrosion (right hand)
 D - a ring of protection from magic (left hand)
 L - an uncursed ring of ice
Wands
 q - a wand of acid (12)
 y - a wand of digging (4)
 A - a wand of flame (19)
 I - a wand of polymorph (18)
 O - a wand of iceblast (11)
 S - a wand of enslavement (6)
 W - a wand of paralysis (13)
Scrolls
 i - 4 scrolls of magic mapping
 l - 2 scrolls of blinking
 m - a scroll of amnesia
 n - 8 scrolls of remove curse
 o - 3 scrolls of enchant weapon {unknown}
 p - 2 scrolls of fear
 t - 7 scrolls of teleportation
 F - 5 scrolls of fog
 M - 2 scrolls of noise {unknown}
 Q - a scroll of holy word {unknown}
 R - a scroll of summoning {unknown}
 U - a scroll of brand weapon {unknown}
Potions
 a - 2 potions of haste
 g - 5 potions of curing
 h - 2 potions of ambrosia
 j - 5 potions of lignification
 k - a potion of stabbing {unknown}
 r - 4 potions of might {unknown}
 s - a potion of resistance {unknown}
 u - a potion of invisibility {unknown}
 v - 2 potions of brilliance {unknown}
 w - 2 potions of mutation {unknown}
 z - 2 potions of flight {unknown}
 G - a potion of berserk rage {unknown}
 H - a potion of degeneration {unknown}
 J - 2 potions of magic {unknown}
Miscellaneous
 T - a lightning rod (4/4)
Comestibles
 f - 12 rations


   Skills:
 + Level 5.4 Fighting
 + Level 10.5 Short Blades
 + Level 7.1 Throwing
 + Level 11.8 Dodging
 + Level 16.3 Stealth
 * Level 0.8 Shields
 * Level 5.2 Evocations


You had 10 spell levels left.
You didn't know any spells.
Your spell library contained the following spells:

 Spells                   Type           Power        Failure   Level  Hunger
 Sandblast                Erth           #.....       45%         1    ##.....
 Passwall                 Tmut/Erth      #.......     61%         2    ###....
 Stone Arrow              Conj/Erth      #.....       83%         3    ####...
 Petrify                  Tmut/Erth      #.......     99%         4    #####..
 Lee's Rapid Deconstruct  Erth           #.........   100%        5    ######.


Dungeon Overview and Level Annotations

Branches:
Dungeon (12/15)            Temple (0/1) D:7            Lair (0/6) D:8
  Sewer (visited)
    Orc: D:9-12

Altars:
Ashenzari
Dithmenos
Elyvilon
Kikubaaqudgha
Makhleb
Okawaru
Ru
Uskayaw
Xom
Zin
Beogh

Shops:
D:5 [   D:8 %

Annotations:
D:12 Jorgrun


Innate Abilities, Weirdness & Mutations

You are very small and have problems with some larger weapons.
You are too small for most types of armour.
You have supernaturally acute eyesight. (SInv)
You are a herbivore.
You cover ground extremely quickly.
You need to consume almost no food.


Message History

You emit a cloud of dark smoke.
You feel better.
A cyclops comes into view.
The helpless cyclops fails to defend itself.
You skewer the cyclops like a kebab!!!!
You kill the cyclops!
Dithmenos accepts your kill.
You see here 5 large rocks.
You hear a grinding noise.
Jorgrun points at you and mumbles some strange words.
Roots burst forth from the earth!
The grasping roots grab you! The grasping roots constrict you.
You escape the roots' grasp.
As you read the scroll of teleportation, it crumbles to dust.
You feel strangely unstable. Jorgrun casts a spell past you.
The wall shatters!
The blast of rock fragments hits you!!
Ouch! That really hurt!
You die...

#.#####§##..##
#(##§§§§§§....
#.#.§##§##..#.
#.g#.##.##..#.
##.......##....
##.#.#.##.######
##.##...##g#
####
##.####..##.#
#... #@##
#....#(###...
### ##.....
#....
##....##...[
##.#..#....
#..#.#.#..
#.#.#g.#.#
#.##...#.. ...
.g....
#.###.....


You could see Jorgrun (very poisoned).

Vanquished Creatures
  A hydra (D:11)
  Erolcha (D:9)
  Erica (D:9)
  2 two-headed ogres
  An ugly thing (D:12)
  A cyclops (D:12)
  Maurice (D:8)
  Maggie (D:6)
  A troll (D:10)
  A hornet (D:9)
  A slime creature (D:11)
  2 hippogriffs
  A shadow (D:12)
  Sigmund (D:4)
  14 yaks
  A hungry ghost (D:10)
  2 steam dragons
  Edmund (D:6)
  2 water moccasins
  3 orc warriors
  2 phantoms
  2 sky beasts (D:8)
  5 ice beasts
  3 ogres
  An eye of draining (D:10)
  3 necrophages (D:10)
  7 centaurs
  A crocodile (D:12)
  6 bullfrogs
  A wyvern zombie (D:7)
  Blork the orc (D:4)
  A wyvern skeleton (D:10)
  2 scorpions
  6 killer bees (D:9)
  3 wights (D:12)
  6 howler monkeys
  5 crimson imps
  5 orc priests
  6 bullfrog zombies
  7 jellies
  6 orc wizards
  Crazy Yiuf (D:3)
  5 hounds
  A bullfrog skeleton (D:6)
  2 centaur skeletons
  3 iguanas
  Ijyb (D:4)
  Natasha (thrice) (D:3)
  5 worker ants
  4 hound zombies
  A howler monkey zombie (D:7)
  Robin (D:3)
  2 worker ant zombies
  13 gnolls
  25 adders
  A river rat (Sewer)
  2 shadow imps
  6 oozes
  2 adder zombies
  An adder skeleton (D:7)
  6 worms
  3 dart slugs
  4 leopard geckos
  63 orcs
  6 ball pythons
  8 giant cockroaches
  12 goblins
  8 hobgoblins
  22 jackals
  8 kobolds
  3 quokkas
  5 bats
  8 frilled lizards
  A giant cockroach zombie (D:6)
  17 rats
371 creatures vanquished.

Vanquished Creatures (others)
  A howler monkey (D:8)
  3 worker ants (D:8)
  2 orcs
  A giant cockroach (D:8)
7 creatures vanquished.

Grand Total: 378 creatures vanquished

Notes
Turn   | Place    | Note
-------+----------+-------------------------------------------
     0 | D:1      | Exodus22XD the Spriggan Assassin began the quest for the
                  | Orb.
     0 | D:1      | Reached XP level 1. HP: 10/10 MP: 2/2
    42 | D:1      | Reached skill level 6 in Stealth
   266 | D:1      | Reached XP level 2. HP: 14/14 MP: 3/3
   686 | D:1      | Reached XP level 3. HP: 18/18 MP: 4/4
   776 | D:2      | Reached skill level 7 in Stealth
  1866 | D:2      | Found a shadowy altar of Dithmenos.
  1881 | D:2      | Found an iron altar of Okawaru.
  2155 | D:2      | Found an ancient bone altar of Kikubaaqudgha.
  2269 | D:2      | Reached XP level 4. HP: 7/23 MP: 5/5
  2601 | D:2      | Became a worshipper of Dithmenos the Shadowed
  3010 | D:3      | Noticed Robin
  3050 | D:3      | Found a glowing drain.
  3105 | Sewer    | Entered a sewer
  3309 | Sewer    | Reached XP level 5. HP: 26/26 MP: 6/6
  3888 | D:3      | Reached * piety under Dithmenos
  3944 | D:3      | Noticed Natasha
  3961 | D:3      | Killed Natasha
  3961 | D:3      | Reached skill level 8 in Stealth
  4033 | D:3      | Reached XP level 6. HP: 10/30 MP: 7/7
  4546 | D:3      | Noticed Natasha
  4564 | D:3      | Killed Natasha
  4582 | D:3      | Killed Robin
  4830 | D:3      | Noticed Natasha
  5227 | D:3      | Found a runed translucent door.
  5228 | D:3      | Noticed Crazy Yiuf
  5235 | D:3      | Killed Crazy Yiuf
  5425 | D:3      | Killed Natasha
  5570 | D:3      | Reached ** piety under Dithmenos
  5704 | D:4      | Found a hide-covered altar of Uskayaw.
  5768 | D:4      | Noticed Ijyb
  5775 | D:4      | Killed Ijyb
  5775 | D:4      | Reached skill level 5 in Short Blades
  5922 | D:4      | Noticed Blork the orc
  5979 | D:4      | Killed Blork the orc
  5979 | D:4      | Reached skill level 5 in Dodging
  5979 | D:4      | Reached XP level 7. HP: 20/35 MP: 8/8
  6199 | D:4      | Noticed Sigmund
  6251 | D:4      | Killed Sigmund
  6251 | D:4      | Reached skill level 9 in Stealth
  7424 | D:5      | Entered Level 5 of the Dungeon
  7620 | D:5      | Reached XP level 8. HP: 28/39 MP: 9/9
  7831 | D:5      | Reached skill level 10 in Stealth
  7959 | D:5      | Found Qeimmuest's Antique Armour Boutique.
  7962 | D:5      | Bought a creamy pearl robe for 136 gold pieces
  7973 | D:5      | Identified the +2 robe "Setat" {Int+2} (You bought it in a
                  | shop on level 5 of the Dungeon)
  8015 | D:5      | Found a sacrificial altar of Ru.
  8577 | D:6      | Reached *** piety under Dithmenos
  9315 | D:6      | Noticed Maggie
  9321 | D:6      | Found a sacrificial altar of Ru.
  9322 | D:6      | Killed Maggie
  9322 | D:6      | Reached XP level 9. HP: 44/44 MP: 10/10
  9420 | D:6      | Noticed Edmund
  9427 | D:6      | Killed Edmund
  9427 | D:6      | Reached skill level 11 in Stealth
 10533 | D:7      | Reached skill level 12 in Stealth
 10589 | D:7      | Found a glowing silver altar of Zin.
 11219 | D:7      | Found a staircase to the Ecumenical Temple.
 11243 | D:8      | Found Qachiov's Food Shoppe.
 11320 | D:8      | Reached **** piety under Dithmenos
 11339 | D:8      | Found a roughly hewn altar of Beogh.
 11897 | D:8      | Noticed Maurice
 11919 | D:8      | Reached skill level 10 in Dodging
 11934 | D:8      | Killed Maurice
 11934 | D:8      | Reached XP level 10. HP: 45/49 MP: 11/11
 12230 | D:8      | Reached ***** piety under Dithmenos
 12247 | D:8      | Reached skill level 5 in Throwing
 12641 | D:8      | Reached skill level 13 in Stealth
 12705 | D:8      | Found a shimmering altar of Xom.
 12732 | D:8      | Found a staircase to the Lair.
 13300 | D:9      | Found a white marble altar of Elyvilon.
 13722 | D:9      | Noticed Erica
 13789 | D:9      | Killed Erica
 13789 | D:9      | Reached skill level 14 in Stealth
 13902 | D:9      | Noticed Erolcha
 13971 | D:9      | Found a shattered altar of Ashenzari.
 13971 | D:9      | Found a burning altar of Makhleb.
 14302 | D:9      | Killed Erolcha
 14302 | D:9      | Reached skill level 10 in Short Blades
 14302 | D:9      | Reached XP level 11. HP: 50/54 MP: 7/12
 14573 | D:10     | Entered Level 10 of the Dungeon
 14573 | D:10     | Noticed a two-headed ogre
 14743 | D:10     | Reached skill level 1 in Evocations
 15011 | D:10     | Killed a two-headed ogre
 15011 | D:10     | Reached skill level 5 in Fighting
 15656 | D:11     | Reached skill level 15 in Stealth
 16096 | D:11     | Noticed a five-headed hydra
 16099 | D:11     | Killed a five-headed hydra
 16267 | D:11     | Noticed a two-headed ogre
 16332 | D:11     | Killed a two-headed ogre
 16667 | D:11     | Reached skill level 16 in Stealth
 16716 | D:11     | Got a jewelled buckler
 16722 | D:11     | Identified the +0 buckler "Ezoblasaxe" {rF+ rN+} (You found
                  | it on level 11 of the Dungeon)
 16757 | D:12     | Reached skill level 5 in Evocations
 16795 | D:12     | Noticed a red ugly thing
 16844 | D:12     | Killed a red ugly thing
 17269 | D:12     | Noticed Jorgrun
 17396 | D:12     | Killed from afar by Jorgrun

Illustrated notes

Levels and vault maps discovered:
D:1:      shiori_arrival_maze, layout_basic, minmay_3d_cube
D:2:      layout_basic, grunt_temple_overflow_open
D:3:      layout_basic, serial_co_window_serial, co_window_paths_b,
          co_window_corner_a, co_window_paths_b, co_window_corner_a,
          co_window_corner_a, co_window_cross_1, co_window_paths_a,
          co_window_paths_c, co_window_broadway_b, co_window_broadway_b,
          co_window_unsneaky_path_c, glass_columns_c, glass_columns_b,
          glass_columns_b, glass_columns_a, first_ration, portal_sewer_entry_b,
          uniq_crazy_yiuf_cottage, uniq_robin, uniq_natasha
D:4:      layout_cave_pods, lemuel_round_altar, uniq_blork_the_orc, uniq_ijyb,
          uniq_sigmund
D:5:      layout_basic, serial_shops, kennysheep_mini, minivault_19,
          nicolae_ru_path_of_blood
D:6:      layout_basic, basic_altar, uniq_edmund, uniq_maggie
D:7:      layout_basic, zin_scriptorium, minmay_temple_entry_butterflies
D:8:      layout_loops_ring, xom_confusion_cloud, dpeg_oklobed_lair,
          special_room [special_room_orc], serial_shops, shop, uniq_maurice
D:9:      layout_irregular_city, elyvilon_altar_3,
          gammafunk_temple_overflow_pools, uniq_erolcha, uniq_erica
D:10:     layout_stronghold
D:11:     layout_loops_corners, hangedman_little_slice_of_home,
          hangedman_decor_growths, minmay_misc_feat_plants, minivault_22
D:12:     layout_loops_cross, david_orc_2, uniq_jorgrun

Skill      XL: |  1  2  3  4  5  6  7  8  9 10 11 |
---------------+----------------------------------+-----
Stealth        | 6 7 8 9 10 12 14 16 | 16.3
Dodging        | 2 3 5 6 7 10 11 | 11.8
Short Blades   | 3 4 5 6 7 9 10 | 10.5
Fighting       | 2 3 4 5 |  5.4
Throwing       | 3 4 6 7 |  7.1
Evocations     | 5 |  5.2
Shields        | |  0.8

Action                   |  1- 3 |  4- 6 |  7- 9 | 10-12 || total
-------------------------+-------+-------+-------+-------++-------
Melee: Dagger            |   147 |   428 |  1061 |   572 ||  2208
       Rapier            |       |       |       |    62 ||    62
Throw: Dart              |     1 |    18 |    60 |    88 ||   167
Invok: Shadow Step       |       |       |       |     1 ||     1
  Use: Scroll            |     1 |     3 |    12 |     2 ||    18
       Potion            |       |     3 |     1 |     3 ||     7
 Stab: Sleeping          |    10 |    17 |    35 |    63 ||   125
       Distracted        |     1 |     1 |     3 |     1 ||     6
  Eat: Ration            |       |     1 |     4 |     4 ||     9
Armor: Robe              |    24 |    31 |    45 |       ||   100
       Steam dragon scal |       |       |    42 |    25 ||    67
Dodge: Dodged            |   124 |   341 |   971 |   357 ||  1793
Block: Buckler           |       |       |       |     4 ||     4
